 Dungeon Crawl Stone Soup version 0.27-a0-156-gbcd94eb011 (console) character file.

Game seed: 10515848135906097034

114 Terrapin the Cudgeller (level 4, 0/40 HPs)
             Began as a Palentonga Fighter on Jan 28, 2021.
             Slain by an orc
             ... wielding a +0 mace
              (4 damage)
             ... on level 3 of the Dungeon.
             The game lasted 00:06:04 (1798 turns).

Terrapin the Cudgeller (Palentonga Fighter)         Turns: 1798, Time: 00:06:05

Health: 0/40       AC:  7    Str: 20    XL:     4   Next: 67%
Magic:  4/4        EV:  6    Int:  8    God:
Gold:   124        SH:  9    Dex: 10    Spells: 3/3 levels left

rFire    . . .     SeeInvis +   a - +0 flail
rCold    . . .     Faith    .   c - +0 kite shield
rNeg     . . .     Spirit   .   p - +0 ring mail
rPois    .         Reflect  .   (no helmet)
rElec    .         Harm     .   s - +0 cloak {Will+}
rCorr    .         Rampage  .   (no gloves)
Will     +....                  (no barding)
Stlth    ..........             (no amulet)
HPRegen  0.13/turn              (no ring)
MPRegen  0.09/turn              (no ring)

@: brilliant
A: large, rugged brown scales 3, see invisible, deformed body, roll 1, armoured
tail
a: Rolling Charge


You were on level 3 of the Dungeon.
You visited 1 branch of the dungeon, and saw 3 of its levels.

You collected 124 gold pieces.

Inventory:

Hand Weapons
 a - a +0 flail (weapon)
Missiles
 f - 15 bolts
 v - 22 stones
Armour
 c - a +0 kite shield (worn)
 p - a +0 ring mail (worn)
 s - a +0 cloak of willpower (worn)
Jewellery
 o - a cursed ring of attention {unknown}
Wands
 q - a wand of flame (23)
Scrolls
 e - 4 scrolls of identify {!r, unknown}
 h - 3 scrolls of remove curse {!r, unknown}
 i - a scroll of noise {!r, unknown}
 l - 3 scrolls of enchant weapon {!r, unknown}
 m - 2 scrolls of fog {!r, unknown}
 n - a scroll of magic mapping {!r, unknown}
 w - a scroll of enchant armour {!r, unknown}
Potions
 d - 3 potions of might {!q}
 g - 2 potions of flight {!q}
 t - a potion of degeneration {!q, unknown}
 u - a potion of ambrosia {!q, unknown}


   Skills:
 - Level 3.0 Fighting
 * Level 4.2 Maces & Flails
 - Level 2.4 Armour
 + Level 3.2 Shields


You had 3 spell levels left.
You didn't know any spells.
Your spell library contained the following spells:

 Spells                   Type           Power        Failure   Level
 Magic Dart               Conj           0%           94%         1
 Blink                    Tloc           N/A          98%         2
 Call Imp                 Summ           0%           98%         2
 Slow                     Hex            0%           98%         2
 Conjure Flame            Conj/Fire      0%           100%        3
 Mephitic Cloud           Conj/Pois/Air  0%           100%        3


Dungeon Overview and Level Annotations

Branches:
Dungeon (3/15)

Altars:
Cheibriados
Hepliaklqana


Innate Abilities, Weirdness & Mutations

You are completely covered in rugged brown scales. (AC +3, +7% HP)
You have supernaturally acute eyesight. (SInv)
Armour fits poorly on your strangely shaped body.
You can roll at nearby foes to attack.
You have a long armoured tail.


Message History

The jackal bites you.
* * * LOW HITPOINT WARNING * * *
You block the orc's attack.
You are very lightly contaminated with residual magic.
Really quaff
j - a sapphire potion {!q}?
It was a potion of cancellation {!q}.
Your magical effects are unravelling.
You feel magically purged.
Your magical contamination has completely faded away.
You flicker back into view.
The jackal bites you but does no damage.
You block the orc's attack. You block the jackal's attack.
Really quaff
k - a glowing yellow potion {!q}?
It was a potion of brilliance {!q}.
You feel clever all of a sudden.
The jackal bites you but does no damage.
Really quaff
r - a ruby potion {!q}?
It was a potion of magic {!q}.
Magic courses through your body. You block the jackal's attack.
The orc hits you with a +0 mace.
You die...

#. ###..#≈≈≈≈≈≈≈≈≈#..### ##.#
#....####≈≈≈≈≈##....#
.#...##oo.#.# #≈≈≈≈##.#...#
o...oo...≈##..#≈≈≈##w##≈..#
.#...###.≈# ..#≈≈≈#.##≈≈..#####
##.# #.≈## .#####. #≈≈........
#. #.≈≈# ...... #≈≈.##.#### #
#.≈≈#####o#####≈≈.##.#
#..≈≈≈≈≈#@#≈≈≈≈≈..##.#
#.#####.≈≈≈≈≈#h#≈≈≈≈≈.###.#####
#........≈≈≈≈#b#≈≈≈≈.o.........
#######...≈≈≈#w#≈≈≈w...##.#####
.########.#...≈#o#b......##.#
..).................####.##.#
#.#.#..#.###.#..#### #.##.#
........#.# #...## #.##.#
#..#.#..#.# #.### #.##†#


You could see a worm, 2 orcs, a jackal and a bat.

Vanquished Creatures
  3 adders
  2 oozes (D:1)
  4 worms
  A dart slug (D:3)
  5 leopard geckos
  2 ball pythons (D:1)
  4 giant cockroaches
  6 goblins
  4 hobgoblins
  3 jackals
  3 kobolds
  A quokka (D:2)
  12 bats
  A frilled lizard (D:3)
  9 rats
60 creatures vanquished.

Notes
Turn   | Place    | Note
-------+----------+-------------------------------------------
     0 | D:1      | Terrapin the Palentonga Fighter began the quest for the
                  | Orb.
     0 | D:1      | Reached XP level 1. HP: 20/20 MP: 1/1
   126 | D:1      | Reached XP level 2. HP: 26/27 MP: 2/2
   428 | D:1      | Reached skill level 3 in Maces & Flails
   551 | D:1      | Reached XP level 3. HP: 31/33 MP: 3/3
  1062 | D:2      | Reached XP level 4. HP: 26/40 MP: 4/4
  1295 | D:2      | Found a snail-covered altar of Cheibriados.
  1295 | D:2      | Found a hazy altar of Hepliaklqana.
  1470 | D:3      | Reached skill level 4 in Maces & Flails
  1798 | D:3      | Slain by an orc

Illustrated notes

Levels and vault maps discovered:
D:1:      dpeg_arrival_tiny_a, layout_rooms
D:2:      layout_rooms, gammafunk_temple_overflow_elements
D:3:      layout_loops_ring, chequers_serial_rivers_room_a,
          grunt_decor_junction, uniq_robin

Skill      XL: |  1  2  3  4 |
---------------+-------------+-----
Maces & Flails | 3 4 |  4.2
Shields        | 3 |  3.2
Fighting       | |  3.0
Armour         | |  2.4

Action                   |  1- 3 |  4- 6 || total
-------------------------+-------+-------++-------
Melee: Flail             |   141 |    63 ||   204
       Tailslap          |     5 |     5 ||    10
 Abil: Rolling Charge    |    21 |     7 ||    28
  Use: Potion            |       |     5 ||     5
Armor: Scale mail        |    66 |       ||    66
       Ring mail         |    12 |    44 ||    56
Dodge: Dodged            |    33 |    17 ||    50
Block: Kite shield       |    71 |    37 ||   108

Table legend: (Time is in decaauts)
 A = Elapsed time spent in this place.
 B = Non-inter-level travel time spent in this place.
 C = Inter-level travel time spent in this place.
 D = Time resting spent in this place.
 E = Time spent auto-exploring this place.
 F = Levels seen in this place.
 G = Mean time per level.
                   A        B        C        D        E       F      G
               +--------+--------+--------+--------+--------+-----+--------+
         Total |   1888 |   1871 |     17 |    402 |    890 |   3 |  629.3 |
       Dungeon |   1888 |   1871 |     17 |    402 |    890 |   3 |  629.3 |
               +--------+--------+--------+--------+--------+-----+--------+

Top non-repeatable levels by time:
     D:2: 831 daAuts
     D:1: 637 daAuts
     D:3: 420 daAuts
